Map: Orbital Shipyard

Players

LiquidSnute (Snute) - Winner!

  • Race: Zerg Zerg

Destiny

  • Race: Zerg Zerg
  • League: Grandmaster

Event: Root's WW3

VOD

Have the link to the VOD?

Description

Time

  • Played on: Dec. 12, 2015, 5 a.m.
  • Length: 7:29

All games in this series

Show
View Real Time Build Order
Export as new Build Order

LiquidSnute Zerg - Winner!

Build Orders: Pool First 

Get SALT Encoding   

  12  0:01  Drone  
  13  0:13  Overlord  
  13  0:17  Drone  
  14  0:31  Drone x2  
  14  0:35  Drone  
  17  0:42  Extractor  
  17  0:45  Drone  
  17  0:49  Spawning Pool  
  16  0:56  Drone  
  17  1:07  Drone  
  18  1:18  Hatchery  
  17  1:36  Queen  
  17  1:37  Zergling x2  
  20  1:43  Metabolic Boost  
  20  1:47  Overlord  
  20  1:51  Drone  
  21  2:04  Baneling Nest  
  20  2:12  Zergling x2, Queen  
  23  2:15  Zergling x2  
  23  2:19  Zergling x2  
  25  2:25  Zergling x2  
  26  2:30  Zergling x2  
  26  2:34  Zergling x2  
  28  2:52  Baneling x2  
  28  2:55  Drone x5  
  33  3:01  Overlord  
  33  3:02  Drone  
  34  3:11  Overlord  
  34  3:13  Drone  
  34  3:15  Drone  
  34  3:19  Overlord  
  36  3:21  Zergling x2  
  37  3:31  Drone x2  
  37  3:32  Drone x2  
  37  3:38  Zergling x2  
  38  3:41  Baneling  
  38  3:42  Baneling  
  38  3:43  Drone  
  38  3:46  Queen  
  41  3:51  Queen  
  43  3:56  Drone x2  
  43  3:57  Baneling x2  
  43  3:58  Baneling  
  45  4:03  Drone x2  
  45  4:04  Drone  
  45  4:08  Drone x2  
  50  4:10  Drone  
  50  4:13  Extractor  
  50  4:22  Drone x2  
  50  4:23  Drone x2  
  54  4:24  Lair  
  54  4:28  Extractor  
  51  4:42  Queen  
  51  4:45  Roach Warren  
  52  4:48  Drone x2  
  52  4:49  Drone  
  55  4:56  Hatchery  
  55  4:59  Overlord  
  54  5:00  Zergling x6  
  54  5:05  Overlord  
  57  5:07  Overlord  
  57  5:28  Roach x6  
  69  5:29  Nydus Network  
  69  5:34  Roach x2  
  72  5:38  Queen  
  72  5:40  Roach  
  76  5:49  Roach  
  78  5:55  Roach x2  
  82  5:58  Overlord x2  
  82  6:05  Nydus Canal  
  82  6:07  Spore Crawler  
  82  6:09  Spore Crawler  
  80  6:14  Queen  
  81  6:26  Baneling x6  
  81  6:27  Baneling  
  81  6:28  Queen x2  
  85  6:37  Roach  
  85  6:38  Roach x3  
  93  6:43  Spore Crawler, Nydus Canal  
  72  7:01  Roach  
Show
View Real Time Build Order
Export as new Build Order

Destiny Zerg 

Build Orders: Hatch First 

Get SALT Encoding   

  12  0:01  Drone  
  13  0:12  Overlord  
  13  0:17  Drone  
  14  0:30  Drone  
  14  0:31  Drone  
  14  0:34  Drone  
  17  0:52  Hatchery  
  17  0:55  Drone  
  17  0:58  Extractor  
  16  1:10  Spawning Pool  
  15  1:13  Drone  
  15  1:17  Drone  
  17  1:20  Drone  
  18  1:28  Drone  
  19  1:38  Drone  
  20  1:49  Overlord  
  20  1:56  Queen  
  20  1:58  Metabolic Boost  
  22  2:04  Queen  
  25  2:08  Drone  
  25  2:09  Drone  
  25  2:12  Drone  
  27  2:16  Drone  
  27  2:22  Drone  
  29  2:26  Drone  
  30  2:30  Baneling Nest  
  30  2:32  Drone  
  30  2:39  Drone  
  30  2:43  Overlord  
  31  2:49  Drone  
  32  2:56  Lair  
  32  3:01  Zergling x4  
  32  3:05  Zergling x6  
  36  3:07  Zergling x2  
  36  3:12  Zergling x2  
  39  3:16  Zergling x4  
  39  3:17  Zergling x2  
  39  3:18  Overlord  
  42  3:22  Extractor  
  41  3:31  Zergling x4  
  39  3:36  Drone x4  
  39  3:40  Baneling  
  43  3:41  Baneling  
  43  3:45  Drone  
  43  3:47  Drone x2  
  43  3:48  Drone x2  
  47  3:52  Drone  
  49  4:07  Extractor  
  49  4:08  Extractor  
  47  4:12  Spire  
  47  4:13  Drone x2  
  47  4:14  Drone x3  
  51  4:17  Overlord  
  51  4:25  Hatchery  
  48  4:37  Zergling x8  
  47  4:39  Zergling x2  
  47  4:44  Drone x3  
  47  4:45  Drone x2  
  53  4:55  Hydralisk Den  
  53  4:57  Drone x2  
  54  5:00  Drone  
  54  5:01  Drone  
  54  5:02  Drone  
  57  5:07  Overseer  
  57  5:16  Overlord  
  57  5:26  Mutalisk  
  59  5:30  Overlord  
  59  5:37  Mutalisk x4  
  59  5:40  Overlord  
  59  5:41  Drone x4  
  71  5:43  Baneling x4  
  71  5:48  Extractor  
  71  5:49  Mutalisk  
  70  5:51  Drone x2, Extractor  
  70  5:53  Queen  
  75  6:01  Drone  
  75  6:02  Drone x2  
  78  6:16  Spine Crawler x2  
  78  6:17  Spine Crawler  
  78  6:18  Baneling x4  
  75  6:19  Baneling x2  
  75  6:24  Zergling x8  
  81  6:28  Hydralisk x2  
  85  6:36  Overlord  
  77  6:59  Mutalisk x3  
  77  7:00  Zergling x6  
  72  7:09  Zergling x2  
Tags
 
Add a new tag
Caveats
  • Supply blocks, unpowered buildings, or Contaminate may cause inaccurate times.
  • Supply counts are checked every 10 seconds.